 Dungeon Crawl Stone Soup version 0.31-a0-145-g046c7d2549 (webtiles) character file.

Game seed: 5684484770784228373

14070 Anon1729 the Carver (level 11, -2/101 HPs)
             Began as a Minotaur Monk on June 5, 2023.
             Was a Priest of Uskayaw.
             Slain by a cyan ugly thing (16 damage)
             ... on level 12 of the Dungeon.
             The game lasted 00:07:50 (10329 turns).

Anon1729 the Carver (Minotaur Monk)                Turns: 10329, Time: 00:07:50

Health: -2/101     AC: 12    Str: 16    XL:     11   Next: 83%
Magic:  12/15      EV: 16    Int:  7    God:    Uskayaw [***...]
Gold:   754        SH:  0    Dex: 23    Spells: 10/10 levels left

rFire   . . .        L - +4 scimitar (flame)
rCold   . . .        d - orb {light}
rNeg    + . .        A - +2 scale mail {rN+}
rPois   .            (helmet restricted)
rElec   .            e - +0 cloak
rCorr   .            (no gloves)
SInv    .            (no boots)
Will    .....        (no amulet)
Stlth   +            C - +4 ring of protection
HPRegen 0.36/turn    u - +6 ring of dexterity
MPRegen 0.14/turn

%: no passive effects
@: corroded, glowing
A: horns 2, retaliatory headbutt
a: Renounce Religion, Stomp, Line Pass


You were on level 12 of the Dungeon.
You worshipped Uskayaw.
Uskayaw was noncommittal.
You visited 2 branches of the dungeon, and saw 13 of its levels.
You also visited: Bailey.

You collected 754 gold pieces.

Inventory:

Hand Weapons
 L - a +4 scimitar of flaming (weapon)
 P - a +2 long sword of electrocution
 S - the +7 sceptre of Torment {pain, torment}
   (You found it on level 9 of the Dungeon)
Missiles
 n - 3 throwing nets (quivered)
 M - 21 boomerangs
 N - 8 datura-tipped darts
Armour
 b - a +0 robe
 d - an orb of light (worn)
 e - a +0 cloak (worn)
 A - a +2 scale mail of positive energy (worn)
Jewellery
 t - an amulet of magic regeneration
 u - a +6 ring of dexterity (right hand)
 C - a +4 ring of protection (left hand)
 U - a ring of flight
Wands
 r - a wand of polymorph (3)
 x - a wand of flame (35)
 E - a wand of paralysis (35)
 J - a wand of roots (12)
Scrolls
 a - 2 scrolls of poison
 f - 5 scrolls of teleportation
 i - 2 scrolls of blinking
 k - a scroll of fear
 m - a scroll of enchant weapon {unknown}
 o - a scroll of enchant armour {unknown}
 p - 2 scrolls of silence
 q - 2 scrolls of amnesia
 w - 2 scrolls of vulnerability {unknown}
 y - 2 scrolls of magic mapping {unknown}
 H - 2 scrolls of summoning {unknown}
 I - a scroll of torment {unknown}
 K - 4 scrolls of immolation {unknown}
 T - a scroll of noise {unknown}
Potions
 c - 4 potions of ambrosia
 g - a potion of berserk rage {unknown}
 h - 2 potions of cancellation {unknown}
 j - a potion of mutation {unknown}
 l - 3 potions of curing {unknown}
 s - a potion of magic {unknown}
 v - 2 potions of degeneration {unknown}
 z - 4 potions of brilliance
 B - 3 potions of enlightenment {unknown}
 D - a potion of resistance {unknown}
 F - 2 potions of heal wounds
 G - 2 potions of lignification {unknown}
 Q - 3 potions of attraction {unknown}
 R - a potion of haste {unknown}
Miscellaneous
 O - a phial of floods


   Skills:
 + Level 10.6 Fighting
 + Level 10.6 Long Blades
 + Level 9.8 Armour
 + Level 9.7 Dodging
 + Level 5.4 Stealth
 + Level 7.8 Invocations


You had 10 spell levels left.
You didn't know any spells.
Your spell library contained the following spells:

 Spells                   Type           Power      Damage    Failure   Level
 Beastly Appendage        Tmut           0%         N/A       80%         1
 Foxfire                  Conj/Fire      0%         2x1d4     80%         1
 Freeze                   Ice            0%         1d3       80%         1
 Sandblast                Erth           0%         2d4       80%         1
 Passwall                 Tmut/Erth      0%         N/A       90%         2
 Wereblood                Tmut           0%         N/A       90%         2
 Frozen Ramparts          Ice            0%         1d1       99%         3
 Hailstorm                Conj/Ice       0%         3d3       99%         3
 Ozocubu's Armour         Ice            0%         N/A       99%         3
 Spider Form              Tmut/Pois      0%         N/A       99%         3
 Stone Arrow              Conj/Erth      0%         3d7       99%         3
 Ice Form                 Ice/Tmut       0%         N/A       100%        4
 Fireball                 Conj/Fire      0%         3d3       100%        5
 Metabolic Englaciation   Hex/Ice        0%         N/A       100%        5
 Plasma Beam              Fire/Air       0%         2x1d10    100%        6
 Simulacrum               Ice/Necr       0%         N/A       100%        6
 Starburst                Conj/Fire      0%         6d3       100%        6


Dungeon Overview and Level Annotations

Branches:
Dungeon (12/15)            Temple (1/1) D:4            Lair (0/5) D:11
    Orc (0/2) D:10         Bailey (visited)

Altars:
Ashenzari
Cheibriados
Dithmenos
Elyvilon
Fedhas
Gozag
Hepliaklqana
Kikubaaqudgha
Makhleb
Nemelex Xobeh
Okawaru
Qazlal
Ru
Sif Muna
Trog
Uskayaw
Vehumet
Wu Jian
Xom
Yredelemnul
Zin
The Shining One

Shops:
D:3 (   D:10 (

Portals:
Abyss: D:8

Annotations:
D:8 2 transporters, Takeo's ghost, novice KoBr
D:9 1 runed translucent door


Innate Abilities, Weirdness & Mutations

You have a pair of horns on your head.
You reflexively headbutt those who attack you in melee.


Message History

The brown ugly thing is heavily wounded.
The brown ugly thing basks in the mutagenic energy from its kin and changes!
Uskayaw will force your foes to helplessly watch your dance.
Uskayaw prepares the audience for your solo!
The helpless cyan ugly thing fails to defend itself.
You slice the cyan ugly thing!! You burn the cyan ugly thing.
The cyan ugly thing is almost dead.
The helpless cyan ugly thing fails to defend itself.
You slash the cyan ugly thing! You burn the cyan ugly thing.
You kill the cyan ugly thing!
The cyan ugly thing is no longer paralysed.
You slash the cyan ugly thing! You burn the cyan ugly thing.
The cyan ugly thing is moderately wounded.
The boulder beetle curls into a ball and begins rolling!
The cyan ugly thing tentacle-slaps you. The cyan ugly thing shocks you!
Uskayaw will force your foes to share their pain.
Uskayaw links your audience in an emotional bond!
You hit the cyan ugly thing but do no damage.
You headbutt the cyan ugly thing, but do no damage.
The cyan ugly thing is moderately wounded.
The cyan ugly thing tentacle-slaps you. The cyan ugly thing shocks you!
The boulder beetle barely misses you.
The boulder beetle stops rolling and uncurls.
You are too injured to fight recklessly!
You are too injured to fight recklessly!
You are too injured to fight recklessly!
You are too injured to fight recklessly!
You hit the cyan ugly thing but do no damage.
The cyan ugly thing is moderately wounded.
The cyan ugly thing tentacle-slaps you! The cyan ugly thing shocks you!
* * * LOW HITPOINT WARNING * * *
You stomp with the beat, sending a shockwave through the revellers around you!
The cyan ugly thing is heavily wounded.
The boulder beetle is severely wounded.
The boulder beetle bites you!
* * * LOW HITPOINT WARNING * * *
The cyan ugly thing tentacle-slaps you.
* * * LOW HITPOINT WARNING * * *
The cyan ugly thing shocks you!
You die...

... ... #.# #
#.# .. #.#
#.###<#######.
##......°....B.
#......B######.
#......@#
#......u#
#.....[.#
#.......#
#......<.
#........
.........
........#.


You could see a boulder beetle (pain bonded) and a cyan ugly thing (pain
bonded).

Vanquished Creatures
  Erica (D:8)
  A centaur warrior (D:9)
  A boulder beetle (D:11)
  2 two-headed ogres (D:11)
  An ugly thing (D:12)
  Maurice (D:8)
  A gargoyle (D:10)
  An unseen horror (D:11)
  A komodo dragon (D:11)
  3 trolls (D:10)
  Sigmund (D:3)
  A wyvern (D:10)
  A wraith (D:11)
  17 yaks
  An unseen horror simulacrum (D:9)
  Grum (D:8)
  2 steam dragons
  An acid dragon (D:11)
  2 water moccasins (D:7)
  13 orc warriors
  4 sky beasts
  A black bear (D:6)
  An ogre (D:10)
  A centaur (D:7)
  2 wolves (D:8)
  A phantom (D:4)
  9 kobold brigands
  4 gnoll sergeants (D:10)
  2 bullfrogs
  3 scorpions
  A wight (D:10)
  13 killer bees
  5 howler monkeys
  2 jellies
  2 quasits (D:7)
  4 hounds
  2 gnoll boudas
  3 orc priests
  7 iguanas
  2 sleepcaps
  6 orc wizards
  3 adders
  17 gnolls
  3 shadow imps
  4 white imps
  An ufetubus (D:7)
  2 worms
  4 dart slugs
  34 orcs
  9 endoplasms
  3 giant cockroaches
  11 goblins
  12 hobgoblins
  11 jackals
  25 kobolds
  3 quokkas
  10 ball pythons
  6 bats
  6 frilled lizards
  2 rats
294 creatures vanquished.

Notes
Turn   | Place    | Note
-------+----------+-------------------------------------------
     0 | D:1      | Anon1729 the Minotaur Monk began the quest for the Orb.
     0 | D:1      | Reached XP level 1. HP: 19/19 MP: 0/0
    66 | D:1      | Reached XP level 2. HP: 27/27 MP: 1/1
   206 | D:1      | Found a faded altar of an unknown god.
   225 | D:1      | Reached skill level 1 in Armour
   331 | D:1      | Reached XP level 3. HP: 28/33 MP: 2/2
  1426 | D:2      | Reached XP level 4. HP: 17/40 MP: 3/3
  1701 | D:3      | Reached skill level 1 in Invocations
  1755 | D:3      | Found Mocsieh's Weapon Shoppe.
  1785 | D:3      | Noticed Sigmund
  1795 | D:3      | Killed Sigmund
  1796 | D:3      | Reached skill level 5 in Long Blades
  1796 | D:3      | Reached XP level 5. HP: 34/47 MP: 3/5
  1796 | D:3      | Reached XP level 6. HP: 40/55 MP: 3/6
  1910 | D:3      | Reached skill level 5 in Fighting
  2246 | D:4      | Identified the +2 spear of Generosity {venom, rPois rF+
                  | Int+3}
  2499 | D:4      | Found a glowing golden altar of the Shining One.
  2519 | D:4      | Found a staircase to the Ecumenical Temple.
  2539 | Temple   | Entered the Ecumenical Temple
  2616 | Temple   | Became a worshipper of Uskayaw the Reveller
  2616 | Temple   | Reached * piety under Uskayaw
  2635 | D:4      | Reached ** piety under Uskayaw
  2870 | D:4      | Found a blossoming altar of Fedhas.
  2991 | D:4      | Reached skill level 5 in Dodging
  2991 | D:4      | Reached XP level 7. HP: 55/61 MP: 7/7
  3310 | D:5      | Entered Level 5 of the Dungeon
  3342 | D:5      | Reached *** piety under Uskayaw
  3348 | D:5      | Reached **** piety under Uskayaw
  3544 | D:5      | You fall into a shaft and drop 1 floor!
  4078 | D:6      | Reached XP level 8. HP: 70/70 MP: 9/9
  4288 | D:5      | Found a stormy altar of Qazlal.
  4455 | D:5      | Noticed an air elemental
  4629 | D:7      | Reached skill level 5 in Armour
  5331 | D:7      | Reached XP level 9. HP: 78/79 MP: 11/11
  5514 | D:8      | Reached skill level 5 in Invocations
  5517 | D:8      | Reached skill level 1 in Stealth
  5519 | D:8      | Reached ***** piety under Uskayaw
  5778 | D:8      | Found a transporter.
  5783 | D:8      | Found a transporter.
  5783 | D:8      | Found a one-way gate to the infinite horrors of the Abyss.
  5783 | D:8      | Noticed Takeo's ghost (novice KoBr)
  5869 | D:8      | Noticed Maurice
  5883 | D:8      | Killed Maurice
  5885 | D:8      | Noticed Erica
  5888 | D:8      | Reached XP level 10. HP: 86/90 MP: 13/13
  5907 | D:8      | Killed Erica
  6311 | D:8      | Noticed Grum
  6317 | D:8      | Killed Grum
  6747 | D:9      | Found a flagged portal.
  6758 | Bailey   | Entered a bailey
  7010 | Bailey   | Found a burning altar of Makhleb.
  7134 | D:9      | Found a runed translucent door.
  7380 | D:9      | Found a snail-covered altar of Cheibriados.
  7389 | D:9      | Found a broken altar of Ashenzari.
  7644 | D:9      | Noticed a centaur warrior
  7644 | D:9      | Found the +7 sceptre of Torment {pain, torment}
  7658 | D:9      | Killed a centaur warrior
  7925 | D:9      | Found a burning altar of Makhleb.
  7925 | D:9      | Noticed a sixfirhy
  7944 | D:10     | Entered Level 10 of the Dungeon
  7979 | D:10     | Reached ****** piety under Uskayaw
  8133 | D:10     | Reached XP level 11. HP: 75/97 MP: 15/15
  8203 | D:10     | Found a staircase to the Orcish Mines.
  8506 | D:10     | Reached skill level 10 in Long Blades
  8514 | D:10     | Reached skill level 10 in Fighting
  8756 | D:10     | Found Ofezyfaa's Antique Weapon Boutique.
  8853 | D:10     | Found a hazy altar of Hepliaklqana.
  9236 | D:11     | Noticed a two-headed ogre
  9243 | D:11     | Killed a two-headed ogre
  9244 | D:11     | Reached skill level 5 in Stealth
  9417 | D:11     | Found a staircase to the Lair.
  9473 | D:11     | Noticed a two-headed ogre
  9481 | D:11     | Killed a two-headed ogre
  9662 | D:11     | Noticed a boulder beetle
  9686 | D:11     | Killed a boulder beetle
 10314 | D:12     | Noticed a boulder beetle
 10315 | D:12     | Noticed a white ugly thing
 10315 | D:12     | Noticed a brown ugly thing
 10325 | D:12     | Killed a cyan ugly thing
 10329 | D:12     | Slain by a cyan ugly thing

Illustrated notes

Levels and vault maps discovered:
D:1:      spicycebolla_green_bress_n_ham_2, layout_basic,
          nicolae_ecumenical_snake_handling, reono_crystal_passage
D:2:      layout_loops_cross, eino_curves_02
D:3:      layout_rooms, serial_shops, shop_coins, uniq_sigmund
D:4:      layout_loops_ring, mainiacjoe_overflow_alcove_2,
          lemuel_coloured_pillars_altar, minmay_temple_entry_mist,
          supply_closet_lemuel, minmay_strange_pillars, minmay_unequal
D:5:      layout_basic, nicolae_qazlal_style_of_elements,
          minmay_misc_feat_ornament
D:6:      layout_loops_cross
D:7:      layout_gridville, serial_demonic, serial_demonic_f, serial_demonic_a,
          serial_demonic_d, serial_demonic_a, chequers_arboretum
D:8:      layout_basic, gammafunk_ghost_abyssal_escape, uniq_erica,
          uniq_maurice, uniq_grum
D:9:      layout_loops_ring, mainiacjoe_overflow_swirl, nzn_makhleb_speed_demon,
          enter_bailey_4, serial_park_tiny_2, minmay_radiant
D:10:     layout_cave_pools, nicolae_hepliaklqana_hippocampus,
          kennysheep_orc_monster_closet_entryway, serial_shops, shop,
          serial_park, serial_park_square1 [serial_park_minivault_5x5_8],
          serial_park_tiny_2, serial_park_gazebo [serial_park_minivault_5x5_6],
          serial_park_square3 [serial_park_minivault_5x5_3]
D:11:     layout_basic, david_lair_shrubbed, chequers_serial_rivers_micro_e
D:12:     layout_basic, gauntlet_entry_generic, serial_shops, nicolae_shop_stone
Temple:   eino_wide_crystal_templ

Skill      XL: |  1  2  3  4  5  6  7  8  9 10 11 |
---------------+----------------------------------+-----
Fighting       | 4 5 6 7 8 9 10 | 10.6
Long Blades    | 4 5 6 7 8 9 10 | 10.6
Armour         | 1 2 3 4 6 7 8 9 |  9.8
Dodging        | 4 5 6 7 8 9 |  9.7
Invocations    | 1 2 3 4 5 6 7 |  7.8
Stealth        | 2 4 5 |  5.4

Action                     |  1- 3 |  4- 6 |  7- 9 | 10-12 || total
---------------------------+-------+-------+-------+-------++-------
  Melee: Falchion          |    77 |   102 |   212 |    12 ||   403
         Headbutt          |    10 |    16 |    56 |    65 ||   147
         Scimitar          |       |       |       |   224 ||   224
 Invoke: Line Pass         |       |       |       |     3 ||     3
         Stomp             |       |       |       |     1 ||     1
         Grand Finale      |       |       |       |     1 ||     1
  Evoke: Wand              |       |       |       |     2 ||     2
    Use: Scroll            |       |       |       |     6 ||     6
         Potion            |       |       |       |     2 ||     2
   Stab: Paralysed         |       |       |    22 |    28 ||    50
         Confused          |       |       |       |     1 ||     1
 Armour: Robe              |     9 |    17 |     1 |       ||    27
         Scale mail        |       |       |    87 |    80 ||   167
  Dodge: Dodged            |    62 |    75 |   163 |   179 ||   479

Table legend: (Time is in decaauts)
 A = Elapsed time spent in this place.
 B = Non-inter-level travel time spent in this place.
 C = Inter-level travel time spent in this place.
 D = Time resting spent in this place.
 E = Time spent auto-exploring this place.
 F = Levels seen in this place.
 G = Mean time per level.
                   A        B        C        D        E       F      G
               +--------+--------+--------+--------+--------+-----+--------+
         Total |  10320 |  10015 |    305 |    274 |   8349 |  14 |  737.1 |
       Dungeon |   9919 |   9629 |    290 |    274 |   8050 |  12 |  826.6 |
        Temple |     86 |     71 |     15 |      0 |     58 |   1 |   86.0 |
        Bailey |    314 |    314 |      0 |      0 |    240 |   1 |  314.0 |
               +--------+--------+--------+--------+--------+-----+--------+

Top non-repeatable levels by time:
    D:10: 1201 daAuts
     D:8: 1194 daAuts
    D:11: 1154 daAuts
     D:4: 1077 daAuts
     D:9: 925 daAuts
     D:7: 881 daAuts
     D:1: 814 daAuts
     D:2: 797 daAuts
     D:6: 657 daAuts
     D:5: 653 daAuts
     D:3: 550 daAuts
  Bailey: 314 daAuts
  Temple: 86 daAuts
    D:12: 13 daAuts
